AoeStats
← Malik Bhai

Arabian Desert

509787387Analyzed
1v1 RM · 4d ago on Sep 28, 2026· 36m 44s· 2 players
Game mode
Random Map
Map size
Tiny (2 player)
Population
200
Speed
Normal
Resources
Standard
Victory
Conquest
Starting age
Dark Age
Ending age
Imperial Age
RankedLock teamsTeams togetherTeam positionsShared explorationLock speedFull tech treeHidden civsTurbo modeCheats
Victory
Defeat
🇲🇽 Spanish · Mexico
1663
+17
🇵🇰 Britons · Pakistan
1688
-17
Sin_Teclado
0:42 Loom
10:12 Feudal Age
13:58 Castle Age
19:53 Padded Archer Armor
22:04 Leather Archer Armor
29:49 Town Watch
36:02 Double-Bit Axe
Malik Bhai
6:43 Loom
8:45 Feudal Age
9:06 Man-at-Arms
14:09 Fletching
22:23 Castle Age
20:35 Double-Bit Axe
21:10 Horse Collar
22:55 Crossbowman
26:54 Bodkin Arrow
30:38 Ballistics
Connection lost

Rejoining the realm…

Still unreachable

The connection could not be restored.

Session expired

The server has moved on; the page needs a fresh start.